Map: Triton LE

Players

DPGPartinG (PartinG)

  • Race: Protoss Protoss
  • League: Grandmaster
  • Spawn Location: 5:00

lllllllllll (sOs) - Winner!

  • Race: Protoss Protoss
  • League: Grandmaster
  • Spawn Location: 11:00

VOD

Have the link to the VOD?

Description

Time

  • Played on: Jan. 9, 2020, 6:32 a.m.
  • Length: 11:10
Show
View Real Time Build Order
Export as new Build Order

DPGPartinG Protoss 

Build Orders: Oracle Opening 

Get SALT Encoding   

  12  0:00  Probe  
  13  0:12  Probe  
  14  0:17  Pylon  
  14  0:25  Probe (Chrono Boost)  
  15  0:36  Gateway  
  15  0:37  Probe (Chrono Boost)  
  16  0:44  Probe (Chrono Boost)  
  16  0:45  Assimilator  
  17  0:51  Probe  
  17  0:54  Assimilator  
  18  1:03  Probe (Chrono Boost)  
  19  1:06  Gateway  
  19  1:12  Probe (Chrono Boost)  
  19  1:17  Probe (Chrono Boost)  
  20  1:23  Cybernetics Core  
  21  1:29  Probe  
  22  1:37  Pylon  
  22  1:41  Probe  
  23  1:55  Probe  
  23  2:00  Warp Gate, Adept x2  
  28  2:07  Pylon  
  28  2:11  Probe  
  29  2:26  Stargate  
  29  2:30  Stalker  
  30  2:38  Stalker  
  32  2:49  Shield Battery  
  32  3:07  Oracle (Chrono Boost)  
  35  3:23  Nexus  
  35  3:30  Pylon  
  35  3:38  Oracle (Chrono Boost)  
  36  3:57  Stalker  
  36  3:59  Stalker  
  40  4:07  Twilight Council  
  40  4:08  Probe  
  40  4:20  Probe  
  41  4:25  Stalker  
  41  4:26  Stalker  
  45  4:32  Probe  
  45  4:35  Probe  
  45  4:51  Blink (Chrono Boost)  
  40  4:55  Probe (Chrono Boost)  
  42  5:00  Probe (Chrono Boost)  
  42  5:05  Probe (Chrono Boost)  
  43  5:09  Probe (Chrono Boost), Sentry  
  43  5:10  Probe (Chrono Boost)  
  47  5:19  Probe  
  48  5:24  Probe  
  48  5:25  Robotics Facility  
  46  5:29  Pylon  
  46  5:33  Probe  
  47  5:36  Probe  
  47  5:42  Stalker  
  47  5:49  Probe x2  
  43  5:53  Stalker  
  43  6:01  Probe x2  
  45  6:05  Gateway  
  45  6:07  Sentry  
  47  6:13  Probe x2  
  47  6:17  Assimilator, Observer  
  50  6:23  Pylon  
  50  6:25  Probe x2  
  50  6:28  Stalker  
  50  6:32  Pylon  
  54  6:38  Probe  
  54  6:39  Probe  
  56  6:47  Stalker  
  56  6:50  Observer  
  56  6:52  Probe  
  56  6:53  Probe  
  61  6:58  Forge  
  61  7:00  Phoenix  
  61  7:02  Stalker x2  
  61  7:05  Probe x2  
  67  7:11  Stalker  
  69  7:18  Probe x2  
  71  7:24  Pylon  
  71  7:25  Protoss Ground Weapons Level 1 (Chrono Boost)  
  71  7:33  Nexus  
  71  7:34  Probe  
  71  7:35  Probe  
  73  7:45  Immortal (Chrono Boost)  
  73  7:47  Probe  
  73  7:50  Charge  
  78  7:53  Assimilator  
  78  7:55  Pylon  
  78  8:10  Zealot x3  
  78  8:11  Observer  
  84  8:21  Immortal  
  86  8:31  Gateway  
  86  8:34  Gateway  
  86  8:36  Gateway  
  86  8:43  Templar Archives  
  86  8:44  Shield Battery  
  86  8:46  Shield Battery  
  86  8:48  Stalker, Shield Battery  
  86  8:56  Stalker  
  88  9:07  Immortal (Chrono Boost), Stalker  
  88  9:14  Stalker  
  92  9:21  High Templar  
  94  9:30  Zealot  
  94  9:31  High Templar  
  98  9:32  Zealot  
  98  9:34  Archon  
  100  9:40  Pylon  
  100  9:41  Pylon  
  100  9:43  Pylon  
  78  10:00  High Templar x2  
  78  10:01  Zealot x3  
  78  10:03  Zealot  
  78  10:04  Archon  
  78  10:06  Pylon  
  90  10:07  Gateway  
  90  10:10  Warp Prism (Chrono Boost)  
  92  10:18  Photon Cannon  
  88  10:22  Sentry x2  
  88  10:23  Stalker  
  78  10:41  Stalker  
  78  10:42  Stalker x2  
  70  10:48  Zealot  
  66  10:59  Zealot x2  
Show
View Real Time Build Order
Export as new Build Order

lllllllllll Protoss - Winner!

Build Orders:  

Get SALT Encoding   

  12  0:00  Probe  
  13  0:12  Probe  
  14  0:17  Pylon  
  14  0:25  Probe (Chrono Boost)  
  15  0:37  Probe (Chrono Boost), Gateway  
  16  0:43  Probe (Chrono Boost)  
  16  0:46  Assimilator  
  17  0:51  Probe  
  17  0:54  Assimilator  
  18  1:03  Probe (Chrono Boost)  
  19  1:07  Gateway  
  19  1:12  Probe (Chrono Boost)  
  19  1:17  Probe (Chrono Boost)  
  20  1:24  Cybernetics Core  
  21  1:29  Probe  
  22  1:33  Pylon  
  22  1:41  Probe  
  23  1:53  Probe  
  24  1:58  Warp Gate (Chrono Boost)  
  24  2:01  Adept x2  
  28  2:06  Probe  
  29  2:11  Pylon  
  29  2:20  Pylon  
  29  2:32  Adept x2  
  33  2:46  Nexus  
  33  3:02  Adept x2  
  37  3:06  Pylon  
  37  3:26  Probe  
  38  3:27  Robotics Facility  
  38  3:33  Shield Battery  
  39  3:43  Stalker  
  39  3:44  Stalker  
  39  3:46  Probe (Chrono Boost)  
  32  3:58  Probe (Chrono Boost)  
  32  4:02  Probe (Chrono Boost)  
  34  4:05  Twilight Council  
  34  4:07  Probe (Chrono Boost)  
  36  4:10  Probe (Chrono Boost)  
  36  4:16  Probe (Chrono Boost)  
  37  4:17  Sentry  
  38  4:26  Probe (Chrono Boost)  
  38  4:28  Probe (Chrono Boost)  
  40  4:32  Probe  
  41  4:39  Probe  
  33  4:57  Probe x2  
  33  4:59  Shield Battery  
  33  5:00  Sentry  
  33  5:01  Stalker  
  37  5:10  Probe x2  
  36  5:23  Probe (Chrono Boost)  
  36  5:24  Probe (Chrono Boost)  
  36  5:27  Sentry  
  38  5:33  Probe x2 (Chrono Boost)  
  40  5:37  Shield Battery  
  40  5:42  Stalker  
  42  5:48  Probe x2  
  37  6:00  Probe x2  
  37  6:04  Adept  
  41  6:05  Adept  
  43  6:13  Probe (Chrono Boost)  
  45  6:20  Probe (Chrono Boost)  
  45  6:24  Robotics Facility  
  45  6:25  Probe (Chrono Boost)  
  46  6:27  Sentry  
  46  6:28  Probe (Chrono Boost)  
  50  6:35  Probe x2 (Chrono Boost)  
  49  6:42  Probe  
  49  6:46  Probe  
  49  6:49  Resonating Glaives  
  49  6:50  Sentry  
  51  6:54  Probe, Sentry  
  54  7:02  Pylon  
  54  7:05  Phoenix  
  54  7:08  Immortal (Chrono Boost)  
  54  7:14  Gateway  
  58  7:17  Gateway  
  58  7:19  Adept x2  
  62  7:25  Gateway  
  62  7:27  Gateway  
  62  7:42  Gateway  
  62  7:46  Gateway  
  62  7:50  Pylon  
  62  7:59  Pylon x2  
  62  8:05  Adept  
  62  8:10  Pylon  
  62  8:14  Immortal (Chrono Boost)  
  62  8:19  Adept x3  
  68  8:27  Adept x2  
  68  8:28  Adept  
  74  8:36  Pylon  
  74  8:39  Adept x2  
  74  8:40  Adept x2  
  82  8:46  Warp Prism (Chrono Boost)  
  84  8:49  Adept  
  84  8:59  Adept x3  
  84  9:00  Adept  
  90  9:06  Adept x2  
  94  9:13  Pylon  
  94  9:20  Pylon  
  94  9:39  Adept x7  
  96  9:54  Adept  
  88  10:10  Adept x7  
  98  10:25  Adept  
  96  10:30  Adept x4  
  96  10:31  Adept  
  96  10:41  Adept  
  96  10:42  Adept  
  72  10:58  Adept x5  
  72  11:06  Adept x2  
Tags
 
Add a new tag
Caveats
  • Supply blocks, unpowered buildings, or Contaminate may cause inaccurate times.
  • Supply counts are checked every 10 seconds.